 Dungeon Crawl Stone Soup version 0.30-a0-595-g91969c0fa5 (webtiles) character file.

Game seed: 1412628558601506430

382 ethobat the Conjurer (level 6, 0/32 HPs)
             Began as a Tengu Conjurer on Jan 6, 2023.
             Was a Believer of Wu Jian.
             Slain by a kobold
             ... wielding a +1 dagger of protection
              (1 damage)
             ... in a sewer.
             The game lasted 00:28:16 (3736 turns).

ethobat the Conjurer (Tengu Conjurer)               Turns: 3736, Time: 00:28:16

Health: 0/32       AC: 10    Str:  7    XL:     6   Next: 76%
Magic:  4/12       EV: 12    Int: 26    God:    Wu Jian [**....]
Gold:   54         SH:  4    Dex: 11    Spells: 5/11 levels left

rFire   . . .      SeeInvis +    e - +2 dagger (venom)
rCold   + + .      Faith    +    (no shield)
rNeg    . . .      Spirit   .    r - +5 ring mail of the Bulwark {Int+2}
rPois   +          Reflect  .    (helmet restricted)
rElec   +          Harm     .    (no cloak)
rCorr   +          Rampage  .    (no gloves)
Will    .....                    (boots unavailable)
Stlth   +                        g - amulet of faith
HPRegen 0.25/turn                c - ring of ice
MPRegen 0.13/turn                l - ring of see invisible

@: lethally poisoned (0 -> -4), resistant, flying quickly and evasively, quick
A: beak, talons 3, nimble flight, large bone plates 1, clever 1
a: Renounce Religion, Wall Jump


You were in a sewer.
You worshipped Wu Jian.
Wu Jian was pleased with you.
You visited 1 branch of the dungeon, and saw 3 of its levels.
You also visited: Sewer.

You collected 54 gold pieces.

Inventory:

Hand Weapons
 e - a +2 dagger of venom (weapon)
Missiles
 s - 5 boomerangs
 w - 26 poisoned darts
Armour
 f - a +0 ring mail
 r - the +5 ring mail of the Bulwark (worn) {Int+2}
   (You found it on level 3 of the Dungeon)

   Int:       It affects your intelligence (+2).
Magical Staves
 o - a staff of fire
Jewellery
 c - a ring of ice (left hand)
 g - an amulet of faith (around neck)
 l - a ring of see invisible (right hand)
 n - a ring of resist corrosion
Scrolls
 d - 2 scrolls of teleportation
 j - a scroll of torment
 m - a scroll of vulnerability {unknown}
 p - 2 scrolls of butterflies {unknown}
 u - a scroll of fog {unknown}
 v - 3 scrolls of identify
Potions
 a - a potion of curing {unknown}
 b - 3 potions of magic
 h - a potion of lignification {unknown}
 i - a potion of invisibility {unknown}
 q - 3 potions of brilliance
 t - a potion of mutation
 x - a potion of might
 z - 2 potions of heal wounds {unknown}


   Skills:
 + Level 2.9 Short Blades
 + Level 2.1 Armour
 + Level 4.0 Dodging
 - Level 2.1 Stealth
 + Level 3.3 Spellcasting
 + Level 6.7 Conjurations


You had 5 spell levels left.
You knew the following spells:

 Your Spells              Type           Power      Damage    Failure   Level
a - Magic Dart            Conj           100%       1d8       1%          1
b - Searing Ray           Conj           78%        2d7       2%          2
c - Dazzling Flash        Conj/Hex       44%        N/A       22%         3

Your spell library contained the following spells:

 Spells                   Type           Power      Damage    Failure   Level
 Necrotise                Necr           16%        1d4       30%         1
 Fulminant Prism          Conj/Hex       11%        3d8       58%         4
 Iskenderun's Mystic Bla  Conj/Tloc      22%        2d6       58%         4
 Vampiric Draining        Necr           4%         2d6       65%         3
 Agony                    Necr           4%         N/A       100%        5


Dungeon Overview and Level Annotations

Branches:
Dungeon (3/15)              Sewer (1/1)

Altars:
Wu Jian


Innate Abilities, Weirdness & Mutations

You have a beak for a mouth.
You have claws for feet.
Your magical nature lets you fly swiftly and evasively.
You are partially covered in large bone plates. (SH +4)
Your mind is acute. (Int +4, Str/Dex -1)


Message History

You feel sick.
The kobold brigand throws a poisoned dart.
The poisoned dart hits you!
You are more poisoned.
You feel very sick.
The kobold brigand hits you with a +0 short sword.
* * * LOW HITPOINT WARNING * * *
Aiming: Magic Dart (safe; 1% risk of failure)
Press: ? - help, Q - select action, (/) - cycle Shift-Dir - straight line, f - kobold brigand
Aim: a kobold brigand, wielding a +0 short sword and quivering poisoned darts (100% to hit)
Okay, then.
Hit: e) +2 dagger (venom)
Press: ? - help, Dir - move target, f - kobold brigand
Aim: a kobold brigand, wielding a +0 short sword and quivering poisoned darts (about 42% to evade your +2 dagger of venom)
Okay, then.
You aren't carrying any items that you can evoke.
You feel protected.
* * * LOW HITPOINT WARNING * * *
You feel sick. You block the kobold brigand's attack.
You closely miss the kobold brigand.
The kobold brigand is almost dead.
* * * LOW HITPOINT WARNING * * *
You feel sick. The kobold brigand closely misses you.
You spin and attack the kobold brigand.
You hit the kobold brigand but do no damage.
You spin and attack the kobold brigand.
You barely miss the kobold brigand.
The kobold brigand is almost dead.
* * * LOW HITPOINT WARNING * * *
You feel sick. The kobold brigand misses you.
The kobold brigand closely misses you.
You spin and attack the kobold brigand.
You barely miss the kobold brigand.
The kobold brigand is almost dead.
You spin and attack the kobold.
You hit the kobold but do no damage.
The kobold is poisoned.
* * * LOW HITPOINT WARNING * * *
You feel sick.
The kobold brigand hits you with a +0 dagger.
* * * LOW HITPOINT WARNING * * *
The kobold hits you with a +1 dagger of protection.
You die...

##....~≈≈≈≈#....##
#....~≈≈≈≈≈##..†#
##....~~≈≈≈~≈##..#
#.....~~≈≈≈≈≈##††##
#....~≈~≈≈≈≈≈#....#
#....~~≈≈≈≈≈~~....##
##...~~≈≈≈≈≈~~~....#
#...~≈≈≈≈≈≈~≈~~...#
#.@..≈≈≈≈≈≈≈≈≈....#
##KKK~≈≈≈≈≈≈≈~....#
###'###≈≈≈≈≈≈###)##
#.....#≈≈≈≈≈≈#.....
#.))..#≈≈≈≈≈≈#..)..
##...##≈≈≈≈≈≈##.).#
#.....#≈≈≈≈≈≈#.....
#!.#..#≈≈≈≈≈≈#..#..
###############≈≈≈≈≈≈######


You could see 2 kobold brigands and a kobold (very poisoned).

Vanquished Creatures
  A kobold brigand (Sewer)
  An orc priest (D:3)
  An orc wizard (D:3)
  A gnoll (D:1)
  7 adders
  8 river rats
  2 worms (D:3)
  3 dart slugs
  4 orcs (D:3)
  4 bats
  6 endoplasms
  2 giant cockroaches (D:3)
  10 goblins
  9 hobgoblins
  17 kobolds
  5 quokkas
  5 ball pythons
  6 frilled lizards
  25 rats
117 creatures vanquished.

Vanquished Creatures (others)
  5 plants (D:2)
5 creatures vanquished.

Grand Total: 122 creatures vanquished

Notes
Turn   | Place    | Note
-------+----------+-------------------------------------------
     0 | D:1      | ethobat the Tengu Conjurer began the quest for the Orb.
     0 | D:1      | Reached XP level 1. HP: 10/10 MP: 4/4
    92 | D:1      | Reached XP level 2. HP: 15/15 MP: 4/6
   249 | D:1      | Reached XP level 3. HP: 19/19 MP: 3/7
   323 | D:1      | Reached skill level 1 in Short Blades
   832 | D:1      | Gained mutation: You are partially covered in large bone
                  | plates. (SH +4) [potion of mutation]
   832 | D:1      | Gained mutation: Your mind is acute. (Int +4, Str/Dex -1)
                  | [potion of mutation]
  1608 | D:2      | Reached XP level 4. HP: 24/24 MP: 8/8
  1885 | D:2      | Reached skill level 6 in Conjurations
  1905 | D:2      | Learned a level 2 spell: Searing Ray
  1909 | D:2      | Learned a level 3 spell: Dazzling Flash
  2448 | D:3      | Found an ornate altar of the Wu Jian Council.
  2458 | D:3      | Became a worshipper of the Wu Jian Council
  2489 | D:3      | Gained mutation: Your magical nature lets you fly swiftly
                  | and evasively. [Tengu growth]
  2489 | D:3      | Reached XP level 5. HP: 28/28 MP: 8/10
  2670 | D:3      | Identified the +5 ring mail of the Bulwark {Int+2}
  2712 | D:3      | Reached skill level 1 in Armour
  3033 | D:3      | Reached * piety under Wu Jian
  3046 | D:3      | Reached XP level 6. HP: 32/32 MP: 4/11
  3075 | D:3      | Found a glowing drain.
  3079 | Sewer    | Entered a sewer
  3470 | Sewer    | Reached ** piety under Wu Jian
  3736 | Sewer    | HP: 1/32 [kobold brigand/+0 dagger (1)]
  3736 | Sewer    | Slain by a kobold

Illustrated notes

Levels and vault maps discovered:
D:1:      mrwooster_arrival_statue_2, layout_loops_cross, minmay_pentomino_p2
D:2:      layout_basic, serial_forest, infiniplex_forest_straight_1,
          infiniplex_forest_clump_cross, infiniplex_forest_diagonal,
          infiniplex_forest_lined_3, infiniplex_forest_split,
          infiniplex_forest_lined_corner, infiniplex_forest_side_room,
          grunt_decor_arrowhead
D:3:      layout_basic, nzn_wu_jian_contemplation, portal_sewer_entry_e,
          eino_tiny_chamber, minmay_close_crescents
Sewer:    sewer_minmay_treatment

Skill      XL: |  1  2  3  4  5  6 |
---------------+-------------------+-----
Short Blades   | 1 2 |  2.9
Dodging        | 3 4 |  4.0
Conjurations   | 6 |  6.7
Armour         | 1 2 |  2.1
Spellcasting   | 3 |  3.3
Stealth        | |  2.1

Action                   |  1- 3 |  4- 6 || total
-------------------------+-------+-------++-------
Melee: Unarmed           |     3 |       ||     3
       Peck              |     4 |     5 ||     9
       Kick              |     3 |    11 ||    14
       Dagger            |    11 |    75 ||    86
       Punch             |     1 |     1 ||     2
 Cast: Magic Dart        |    49 |    72 ||   121
       Searing Ray       |       |    18 ||    18
       Dazzling Flash    |       |     1 ||     1
Invok: Lunge             |       |     5 ||     5
       Whirlwind         |       |    16 ||    16
  Use: Scroll            |     2 |     1 ||     3
       Potion            |     1 |     3 ||     4
Armor: Robe              |     1 |       ||     1
       Ring mail         |     2 |    16 ||    18
Dodge: Dodged            |     5 |    41 ||    46
Block: Other             |       |    14 ||    14

Table legend: (Time is in decaauts)
 A = Elapsed time spent in this place.
 B = Non-inter-level travel time spent in this place.
 C = Inter-level travel time spent in this place.
 D = Time resting spent in this place.
 E = Time spent auto-exploring this place.
 F = Levels seen in this place.
 G = Mean time per level.
                   A        B        C        D        E       F      G
               +--------+--------+--------+--------+--------+-----+--------+
         Total |   3667 |   3667 |      0 |   1408 |    438 |   4 |  916.8 |
       Dungeon |   3035 |   3035 |      0 |   1107 |    363 |   3 | 1011.7 |
         Sewer |    632 |    632 |      0 |    301 |     74 |   1 |  632.0 |
               +--------+--------+--------+--------+--------+-----+--------+

Top non-repeatable levels by time:
     D:1: 1255 daAuts
     D:2: 1173 daAuts
   Sewer: 632 daAuts
     D:3: 606 daAuts
